 Dungeon Crawl Stone Soup version 0.31.0-32-g396128a36d (webtiles) character file.

Game seed: 9181321992088966985

2264 spaghetti the Slicer (level 9, -3/105 (109) HPs)
             Began as a Naga Necromancer on Mar 13, 2024.
             Slain by a wight
             ... wielding a +5 spear
              (7 damage)
             ... on level 6 of the Dungeon.
             The game lasted 00:08:30 (6428 turns).

spaghetti the Slicer (Naga Necromancer)             Turns: 6428, Time: 00:08:30

HP:   -3/105 (109)  AC: 10    Str: 10    XL:     9   Next: 38%
MP:   10/12         EV:  8    Int: 23    God:
Gold: 395           SH:  0    Dex: 17    Spells: 7/12 levels left

rFire   + . .        d - +5 dagger (distort)
rCold   . . .        (no shield)
rNeg    . . .        C - +4 ring mail
rPois   +            f - +1 hat
rElec   .            (no cloak)
rCorr   .            (no gloves)
SInv    +            (no barding)
Will    +....        (no amulet) Stlth
                     p - +6 ring of dexterity
HPRegen 0.00/turn    c - ring of protection from fire
MPRegen 0.13/turn

%: no passive effects
@: brilliant, berserking, animating dead, inhibited regen, lightly drained,
quick
A: AC +3, large, see invisible, deformed body, poison resistance, slowness 2,
spit poison 1, naga tail 1, clever 1, inhibited regeneration
a: Spit Poison


You were on level 6 of the Dungeon.
You visited 1 branch of the dungeon, and saw 6 of its levels.
You also visited: Ossuary.

You collected 395 gold pieces.

Inventory:

Hand Weapons
 d - a +5 dagger of distortion (weapon)
 r - a +2 trident of distortion
Missiles
 h - 5 curare-tipped darts
 s - a throwing net
Armour
 a - a +0 robe
 f - a +1 hat (worn)
 C - a +4 ring mail (worn)
Jewellery
 c - a ring of protection from fire (right hand)
 p - a +6 ring of dexterity (left hand)
 y - a ring of fire
Wands
 l - a wand of polymorph (10)
 q - a wand of iceblast (7)
 B - a wand of charming (5)
Scrolls
 e - 2 scrolls of revelation
 i - 4 scrolls of teleportation
 j - a scroll of enchant armour
 k - 3 scrolls of amnesia
 m - 2 scrolls of silence
 o - a scroll of fear
 v - 2 scrolls of poison {unknown}
 w - a scroll of fog
 z - a scroll of immolation {unknown}
 E - a scroll of vulnerability {unknown}
Potions
 b - 2 potions of magic
 g - 3 potions of resistance
 n - 3 potions of cancellation
 t - a potion of curing
 u - a potion of attraction
 A - 2 potions of brilliance


   Skills:
 + Level 1.6 Fighting
 - Level 10.0 Short Blades
 - Level 1.5 Dodging
 - Level 3.0 Stealth
 - Level 2.0 Spellcasting
 - Level 7.9 Necromancy


You had 7 spell levels left.
You knew the following spells:

 Your Spells              Type           Power      Damage    Failure   Level
a - Necrotise             Necr           100%       1d9       1%          1
b - Animate Dead          Necr           55%        N/A       13%         4

Your spell library contained the following spells:

 Spells                   Type           Power      Damage    Failure   Level
 Sublimation of Blood     Necr           55%        N/A       1%          2
 Vampiric Draining        Necr           55%        2d9       4%          3
 Sandblast                Erth           6%         2d5       32%         1
 Curse of Agony           Necr           55%        N/A       36%         5
 Passwall                 Erth           3%         N/A       69%         3
 Stone Arrow              Conj/Erth      6%         3d7       69%         3
 Brom's Barrelling Bould  Conj/Erth      3%         2d3       97%         4
 Petrify                  Alch/Erth      3%         N/A       97%         4
 Irradiate                Conj/Alch      1%         3d12      100%        5


Dungeon Overview and Level Annotations

Branches:
Dungeon (6/15)             Temple (0/1) D:6         Ossuary (visited)

Altars:
Ru
Sif Muna
Uskayaw
Wu Jian


Innate Abilities, Weirdness & Mutations

Your serpentine skin is tough. (AC +3)
You have supernaturally acute eyesight. (SInv)
Armour fits poorly on your strangely shaped body.
Your system is resistant to poisons. (rPois)
You cover ground very slowly.
You can spit poison.
You have a snake-like lower body.
Your mind is acute. (Int +4, Str/Dex -1)
You do not regenerate when monsters are visible.


Message History

The jackal is heavily wounded.
The wight hits you from afar with a +5 spear.
The wight hits you but does no damage.
The jackal bites you but does no damage.
You closely miss the jackal.
The jackal is heavily wounded.
Your gnoll sergeant zombie hits the wight.
You miss the jackal.
The jackal is heavily wounded.
The jackal bites you but does no damage.
The wight hits you with a +0 flail!
* * * LOW HITPOINT WARNING * * *
You feel drained.
* * * LOW HITPOINT WARNING * * *
The wight hits you from afar with a +5 spear!
* * * LOW HITPOINT WARNING * * *
Okay, then.
Okay, then.
It was a potion of brilliance.
You feel clever all of a sudden.
Your hound zombie bites the wight but does no damage.
The jackal barely misses you. The wight barely misses you.
Your hound zombie bites the wight but does no damage.
The wight barely misses you.
Your gnoll sergeant zombie hits the wight.
It was a potion of berserk rage.
A red film seems to cover your vision as you go berserk!
You feel yourself moving faster!
You feel mighty! The jackal closely misses you.
Your hound zombie bites the wight but does no damage.
The wight barely misses you. The jackal barely misses you.
The wight hits you from afar with a +5 spear.
* * * LOW HITPOINT WARNING * * *
Your gnoll sergeant zombie hits the wight.
You feel a strong urge to attack something.
Your hound zombie closely misses the wight.
The wight hits your hound zombie with a +0 flail!
The wight attacks as it pursues you!
The wight hits you from afar with a +5 spear!
You die...

....#......#......####.##
...##.....#..........#..#
....#.......#Z8....8....#
.##..........Z..........#
.##...##.....###..###...###
..##........##.≈..≈.##....#
..##..###..[##.≈..≈.##.##.#
..#....####.##.≈..≈.##.##.#
.......>###.##.≈@.≈.##.##.#
............##.≈hZ§.##)...#
#......##..###Z≈zz≈.###...#
......###.## ##Z...## ##..#
.##....##.# ....... #..#
.#......#.# .!....... #..#
.......##.# ..........##.^#
##...####.#....####....#..#
....## #.#.... ....#..#


You could see 2 wights, a jackal (ally target), a friendly hound zombie, a
friendly gnoll zombie and a friendly gnoll sergeant zombie.

Vanquished Creatures
  A steam dragon (D:4)
  A water moccasin (D:6)
  A black bear (D:6)
  2 gnoll sergeants (D:6)
  10 scorpions
  A bombardier beetle (D:6)
  4 hounds
  A jelly (D:6)
  A centaur zombie (Ossuary)
  An orc priest (D:5)
  An iguana (D:6)
  4 sleepcaps
  4 scorpion zombies (Ossuary)
  A gnoll bouda (D:5)
  3 mummies (Ossuary)
  Robin (D:4)
  12 adders
  11 gnolls
  A white imp (D:5)
  2 ufetubi (D:6)
  2 adder zombies (Ossuary)
  2 dart slugs (D:1)
  4 ribbon worms
  7 orcs
  10 ball pythons
  6 endoplasms
  3 giant cockroaches (D:1)
  3 gnoll zombies (Ossuary)
  13 hobgoblins
  8 jackals
  5 kobolds
  2 quokkas
  A ball python zombie (Ossuary)
  3 bats
  A frilled lizard (D:2)
  10 goblins
  A jackal zombie (Ossuary)
  An orc zombie (Ossuary)
  A rat (D:2)
146 creatures vanquished.

Vanquished Creatures (collateral kills)
  A sleepcap (D:4)
  A gnoll bouda (D:6)
  2 gnolls (D:6)
  2 goblins (D:4)
  3 jackals (D:6)
9 creatures vanquished.

Vanquished Creatures (others)
  2 gnoll zombies (D:6)
  3 hobgoblin zombies (D:4)
  4 goblin zombies (D:4)
  A jackal zombie (D:6)
10 creatures vanquished.

Grand Total: 165 creatures vanquished

Notes
Turn   | Place    | Note
-------+----------+-------------------------------------------
     0 | D:1      | spaghetti the Naga Necromancer began the quest for the Orb.
     0 | D:1      | Reached XP level 1. HP: 15/15 MP: 3/3
    97 | D:1      | Reached XP level 2. HP: 11/22 MP: 0/5
   412 | D:1      | Reached skill level 1 in Short Blades
   623 | D:1      | Reached XP level 3. HP: 28/28 MP: 6/6
   679 | D:1      | Reached skill level 2 in Short Blades
  1381 | D:2      | Reached XP level 4. HP: 31/36 MP: 7/7
  1460 | D:2      | Learned a level 4 spell: Animate Dead
  1613 | D:2      | Reached skill level 3 in Short Blades
  1888 | D:3      | Found a sacrificial altar of Ru.
  2030 | D:3      | Reached XP level 5. HP: 42/42 MP: 8/8
  2036 | D:3      | Reached skill level 5 in Necromancy
  2630 | D:4      | Noticed Robin
  2650 | D:4      | Killed Robin
  2672 | D:4      | Noticed a phantom
  2687 | D:4      | Banished a phantom
  2688 | D:4      | Reached XP level 6. HP: 20/49 MP: 9/9
  2694 | D:4      | Your ally Robin died
  3012 | D:4      | Found a shimmering blue altar of Sif Muna.
  3012 | D:4      | Noticed a steam dragon
  3024 | D:4      | Killed a steam dragon
  3341 | D:4      | Reached XP level 7. HP: 46/55 MP: 10/10
  3583 | D:5      | Entered Level 5 of the Dungeon
  4012 | D:5      | Found a sand-covered staircase.
  4023 | Ossuary  | Entered an ossuary
  4039 | Ossuary  | Reached skill level 4 in Short Blades
  4329 | Ossuary  | Reached skill level 5 in Short Blades
  4359 | Ossuary  | Reached XP level 8. HP: 59/62 MP: 11/11
  4392 | Ossuary  | Reached skill level 6 in Short Blades
  4602 | Ossuary  | Reached skill level 7 in Short Blades
  5112 | D:5      | Reached skill level 8 in Short Blades
  5479 | D:6      | Reached XP level 9. HP: 68/68 MP: 7/12
  5532 | D:6      | Reached skill level 9 in Short Blades
  5714 | D:6      | Found a staircase to the Ecumenical Temple.
  5731 | D:6      | Found a hide-covered altar of Uskayaw.
  5807 | D:6      | Found an ornate altar of the Wu Jian Council.
  6027 | D:6      | Gained mutation: You do not regenerate when monsters are
                  | visible. [potion of mutation]
  6027 | D:6      | Gained mutation: Your mind is acute. (Int +4, Str/Dex -1)
                  | [potion of mutation]
  6409 | D:6      | Reached skill level 10 in Short Blades
  6418 | D:6      | Reached skill level 1 in Fighting
  6425 | D:6      | HP: 3/70 [wight/+5 spear (10)]
  6428 | D:6      | Slain by a wight

Illustrated notes

Levels and vault maps discovered:
D:1:      lightli_arrival_isolated_outpost, layout_basic,
          nicolae_figureground_sparkle
D:2:      layout_basic
D:3:      layout_rooms, mainiacjoe_overflow_small_starburst,
          minmay_snake_closets
D:4:      layout_loops_ring, amcnicky_altar_gilded, uniq_robin
D:5:      layout_basic, nicolae_ossuary_entry_plus, minmay_misc_feat_x
D:6:      layout_cave_pools, minitemple, minmay_temple_entry_overgrown,
          serial_gnoll_camp, gnoll_camp_medium_01, gnoll_camp_mini_basic,
          gnoll_camp_mini_loothouse, gnoll_camp_mini_doghouse, st_stairs_8

Skill      XL: |  1  2  3  4  5  6  7  8  9 |
---------------+----------------------------+-----
Short Blades   | 1 2 3 5 8 10 | 10.0
Necromancy     | 6 7 |  7.9
Fighting       | 1 |  1.6
Dodging        | |  1.5
Stealth        | |  3.0
Spellcasting   | |  2.0

Action                     |  1- 3 |  4- 6 |  7- 9 || total
---------------------------+-------+-------+-------++-------
  Melee: Unarmed           |     7 |       |       ||     7
         Dagger            |    58 |   128 |   224 ||   410
         Punch             |       |       |     5 ||     5
   Cast: Necrotise         |    10 |     7 |     4 ||    21
         Animate Dead      |       |     3 |    15 ||    18
Ability: Spit Poison       |     1 |     1 |     2 ||     4
  Evoke: Wand              |       |       |     4 ||     4
    Use: Scroll            |     3 |     3 |     9 ||    15
         Potion            |       |     5 |     5 ||    10
   Stab: Sleeping          |     4 |    10 |     4 ||    18
 Armour: Robe              |    40 |    79 |   104 ||   223
         Skin              |       |     5 |       ||     5
         Ring mail         |       |       |    75 ||    75
  Dodge: Dodged            |    24 |    46 |   111 ||   181
